 Dungeon Crawl Stone Soup version 0.24.0-1-gfbc8707 (webtiles) character file.

Game seed: 7614535199610489310, levelgen mode: deterministic

61 Buxparty the Ducker (level 3, -4/29 HPs)
             Began as a Mummy Gladiator on Jan 6, 2020.
             Killed from afar by Natasha (5 damage)
             ... with a magic dart
             ... on level 2 of the Dungeon.
             The game lasted 00:03:15 (1842 turns).

Buxparty the Ducker (Mummy Gladiator)               Turns: 1842, Time: 00:03:15

Health: -4/29      AC:  4    Str: 18    XL:     3   Next: 83%
Magic:  3/3        EV: 13    Int:  7    God:
Gold:   101        SH:  0    Dex: 13    Spells: 2/2 levels left

rFire    x . .     SeeInvis .   a - +0 war axe
rCold    + . .     Gourm    .   (no shield)
rNeg     + + +     Faith    .   b - +0 leather armour
rPois    ∞         Spirit   .   c - +0 helmet
rElec    .         Reflect  .   (no cloak)
rCorr    .         Harm     .   (no gloves)
MR       .....                  (no boots)
Stlth    +.........             (no amulet)
HPRegen  0.09/turn              (no ring)
MPRegen  0.08/turn              (no ring)

@: no status effects
A: no food or potions, fire vulnerability, cold resistance 1, negative energy
resistance 3, torment resistance, unbreathing
a: no special abilities


You were on level 2 of the Dungeon.
You were not hungry.

You visited 1 branch of the dungeon, and saw 2 of its levels.

You collected 101 gold pieces.

Inventory:

Hand Weapons
 a - a +0 war axe (weapon)
Missiles
 d - 3 throwing nets (quivered)
 h - 17 poisoned darts
Armour
 b - a +0 leather armour (worn)
 c - a +0 helmet (worn)
Scrolls
 e - 2 scrolls of identify {unknown}
 f - 2 scrolls of remove curse {unknown}
 g - a scroll of enchant weapon {unknown}
 i - a scroll of immolation {unknown}
 j - a scroll of teleportation {unknown}


   Skills:
 + Level 3.2 Fighting
 - Level 2.4 Axes
 - Level 1.5 Throwing
 + Level 3.2 Dodging


You had 2 spell levels left.
You didn't know any spells.
Your spell library was empty.

Dungeon Overview and Level Annotations

Branches:
Dungeon (2/15)

Altars:

Annotations:
D:2 Natasha


Innate Abilities, Weirdness & Mutations

You do not eat or drink.
Your flesh is vulnerable to fire.
You are immune to poison.
Your flesh is cold resistant. (rC+)
You are immune to negative energy. (rN+++)
You are immune to unholy pain and torment.
You can survive without breathing.


Message History

The giant cockroach closely misses you. The shadow imp hits you.
* * * LOW HITPOINT WARNING * * *
The white imp hits you but does no damage.
You hit Natasha.
Natasha is heavily wounded.
You barely miss the white imp. You barely miss the shadow imp.
You closely miss the giant cockroach.
You feel yourself speed up. The giant cockroach barely misses you.
Natasha mumbles some strange words.
The shadow imp sputters.
The shadow imp closely misses you. The white imp hits you.
* * * LOW HITPOINT WARNING * * *
The white imp freezes you. You resist.
* * * LOW HITPOINT WARNING * * *
The giant cockroach bites you.
* * * LOW HITPOINT WARNING * * *
Natasha stares at you and mumbles some strange words.
The magic dart hits you.
You die...

# .. #. #..# #.
#####...#. #.#
#####..s...... #.#
#####.....@h......
#.#
#.....###.555.....
#.####.#####
#.........
#......#
#..%......
#..#####
#......... #..#
#......... ##.##
#.)..[.... .#.#
#.$....... †.##


You could see Natasha, a crimson imp, a white imp, a shadow imp and a giant
cockroach.

Vanquished Creatures
  An adder (D:2)
  An ooze (D:1)
  4 dart slugs
  A leopard gecko (D:1)
  A giant cockroach (D:2)
  6 hobgoblins (D:1)
  3 jackals (D:2)
  3 bats
  A frilled lizard (D:2)
  7 goblins
  4 kobolds (D:1)
  6 rats
38 creatures vanquished.

Notes
Turn   | Place    | Note
-------+----------+-------------------------------------------
     0 | D:1      | Buxparty the Mummy Gladiator began the quest for the Orb.
     0 | D:1      | Reached XP level 1. HP: 16/16 MP: 1/1
   575 | D:1      | Reached XP level 2. HP: 23/23 MP: 2/2
  1129 | D:1      | Reached XP level 3. HP: 28/28 MP: 3/3
  1833 | D:2      | Noticed Natasha
  1842 | D:2      | HP: 1/29 [giant cockroach (2)]
  1842 | D:2      | Killed from afar by Natasha

Levels and vault maps discovered:
D:1:      kennysheep_arrival_forest, layout_basic
D:2:      layout_rooms, first_ration, hangedman_feature_mirror,
          corexii_corridor_pit, minmay_tripent, uniq_natasha

Skill      XL: |  1  2  3 |
---------------+----------+-----
Dodging        | 3 |  3.2
Fighting       | 3 |  3.2
Axes           | |  2.4
Throwing       | |  1.5

Action                   || total
-------------------------++-------
Melee: War axe           ||   112
Armor: Leather armour    ||    41
Dodge: Dodged            ||    81
